 Dungeon Crawl Stone Soup version 0.29-a0-1023-g6ae1a4a2c7 (webtiles) character file.

Game seed: 17240618561074274652

32 Sobieck the Shooter (level 2, -2/25 HPs)
             Began as a Demigod Hunter on Aug 11, 2022.
             Frozen to death by an endoplasm (5 damage)
             ... on level 2 of the Dungeon.
             The game lasted 00:03:22 (1482 turns).

Sobieck the Shooter (Demigod Hunter)                Turns: 1482, Time: 00:03:22

Health: -2/25      AC:  3    Str: 12    XL:     2   Next: 93%
Magic:  4/4        EV: 12    Int: 11    God:
Gold:   30         SH:  0    Dex: 17    Spells: 1/1 levels left

rFire   . . .      SeeInvis .   a - +0 shortbow {bow}
rCold   . . .      Faith    .   (shield currently unavailable)
rNeg    . . .      Spirit   .   c - +0 leather armour
rPois   .          Reflect  .   (no helmet)
rElec   .          Harm     .   (no cloak)
rCorr   .          Rampage  .   (no gloves)
Will    .....                   (no boots)
Stlth   ++........              (no amulet)
HPRegen 0.08/turn               (no ring)
MPRegen 0.09/turn               (no ring)

@: no status effects
A: high MP 1, forlorn, divine attributes
a: no special abilities


You were on level 2 of the Dungeon.
You visited 1 branch of the dungeon, and saw 2 of its levels.

You collected 30 gold pieces.


Innate Abilities, Weirdness & Mutations

You have an increased reservoir of magic. (+10% MP)
You shall have no god before yourself.
Your divine heritage dramatically boosts your attributes as you level up.


   Skills:
 + Level 2.5 Fighting
 * Level 4.2 Ranged Weapons
 - Level 1.7 Dodging
 - Level 0.8 Stealth


You had one spell level left.
You didn't know any spells.
Your spell library was empty.

Inventory:

Hand Weapons
 a - a +0 shortbow (weapon) {bow}
 l - a +2 dagger of flaming {short}
   (You took it off a kobold on level 2 of the Dungeon)
Missiles
 i - 9 stones {throwing}
 j - 2 javelins {throwing}
Armour
 c - a +0 leather armour (worn)
 d - a +0 ring mail
   (You found it on level 1 of the Dungeon)
 g - a scarf of shadows
   (You found it on level 1 of the Dungeon)
 h - a +0 robe
   (You found it on level 1 of the Dungeon)
 k - a +0 robe
   (You found it on level 1 of the Dungeon)
Magical Staves
 m - a staff of air {!astaff}
   (You found it on level 2 of the Dungeon)
Scrolls
 b - a scroll of immolation {!r!r}
 o - a scroll of fog {unknown}
Potions
 e - 5 potions of curing {@q1}
 f - a potion of might {unknown}
 n - a potion of haste {unknown}

Dungeon Overview and Level Annotations

Branches:
Dungeon (2/15) Zot: 10486

Annotations:
D:2 Robin

#######.# #.......#
##.####### #...#
###...###
.##.))....# .#
.>.).......# .#
....#.......######.#
.## ###...J@.....#.#
#...#####....#
##.#####.....##
#......†.....#
#...###......# #.
##...#.# ##.##.#
...#####.##.#
.........##.#


You could see an endoplasm.


Message History

Fire: a) +0 shortbow {bow}
Press: ? - help, Q - select action, (/) - cycle Shift-Dir - straight line, f/p - orc
Aim: an orc, wielding a +0 hand axe and wearing a +0 scale mail (almost dead, 66% to hit)
You shoot an arrow.
The arrow hits the orc but does no damage.
The orc barely misses you.
Fire: a) +0 shortbow {bow}
Press: ? - help, Q - select action, (/) - cycle Shift-Dir - straight line, f/p - orc
Aim: an orc, wielding a +0 hand axe and wearing a +0 scale mail (almost dead, 66% to hit)
You shoot an arrow. The arrow barely misses the orc.
You hear a shout! x3
Fire: a) +0 shortbow {bow}
Press: ? - help, Q - select action, (/) - cycle Shift-Dir - straight line, f/p - orc
Aim: an orc, wielding a +0 hand axe and wearing a +0 scale mail (almost dead, 66% to hit)
You shoot an arrow. The arrow hits the orc.
You kill the orc!
The orc hits you with a +0 dagger.
* * * LOW HITPOINT WARNING * * *
Fire: a) +0 shortbow {bow}
Press: ? - help, Q - select action, (/) - cycle Shift-Dir - straight line, f - orc
Aim: an orc, wielding a +0 dagger and wearing a +0 ring mail (66% to hit)
You shoot an arrow. The arrow barely misses the orc.
The orc hits you but does no damage.
Fire: a) +0 shortbow {bow}
Press: ? - help, Q - select action, (/) - cycle Shift-Dir - straight line, f/p - orc
Aim: an orc, wielding a +0 dagger and wearing a +0 ring mail (66% to hit)
You shoot an arrow. The arrow hits the orc.
The orc barely misses you.
Fire: a) +0 shortbow {bow}
Press: ? - help, Q - select action, (/) - cycle Shift-Dir - straight line, f/p - orc
Aim: an orc, wielding a +0 dagger and wearing a +0 ring mail (moderately wounded, 66% to hit)
You shoot an arrow. The arrow barely misses the orc.
The orc hits you with a +0 dagger.
* * * LOW HITPOINT WARNING * * *
The orc hits you but does no damage.
Fire: a) +0 shortbow {bow}
Press: ? - help, Q - select action, (/) - cycle Shift-Dir - straight line, f/p - orc
Aim: an orc, wielding a +0 dagger and wearing a +0 ring mail (moderately wounded, 66% to hit)
You shoot an arrow. The arrow hits the orc.
You kill the orc!
Unknown command.
Unknown command.
You start resting.
An orc comes into view. It is wielding a +0 flail.
Danger!
You are too injured to fight recklessly!
Fire: a) +0 shortbow {bow}
Press: ? - help, Q - select action, (/) - cycle Shift-Dir - straight line, f - orc
Aim: an orc, wielding a +0 flail (63% to hit)
You shoot an arrow. The arrow hits the orc!
You kill the orc!
Fire: a) +0 shortbow {bow}
Press: ? - help, Q - select action, (/) - cycle Shift-Dir - straight line, f - you That would be overly suicidal.
Okay, then.
Unknown command.
Unknown command.
An endoplasm comes into view.
Danger!
Fire: a) +0 shortbow {bow}
Press: ? - help, Q - select action, (/) - cycle Shift-Dir - straight line, f - endoplasm
Aim: an endoplasm (wandering, hasn't noticed you, 87% to hit)
You shoot an arrow.
The arrow completely misses the endoplasm.
The endoplasm quivers.
Fire: a) +0 shortbow {bow}
Press: ? - help, Q - select action, (/) - cycle Shift-Dir - straight line, f/p - endoplasm
Aim: an endoplasm (87% to hit)
You shoot an arrow. The arrow hits the endoplasm.
The endoplasm hits you.
* * * LOW HITPOINT WARNING * * *
Fire: a) +0 shortbow {bow}
Press: ? - help, Q - select action, (/) - cycle Shift-Dir - straight line, f/p - endoplasm
Aim: an endoplasm (lightly wounded, 87% to hit)
You shoot an arrow. The arrow barely misses the endoplasm.
The endoplasm freezes you.
You are frozen.
* * * LOW HITPOINT WARNING * * *
The endoplasm misses you.
Fire: a) +0 shortbow {bow}
Press: ? - help, Q - select action, (/) - cycle Shift-Dir - straight line, f/p - endoplasm
Aim: an endoplasm (lightly wounded, 87% to hit)
You shoot an arrow. The arrow barely misses the endoplasm.
The endoplasm freezes you.
You are frozen.
* * * LOW HITPOINT WARNING * * *
Fire: a) +0 shortbow {bow}
Press: ? - help, Q - select action, (/) - cycle Shift-Dir - straight line, f/p - endoplasm
Aim: an endoplasm (lightly wounded, 87% to hit)
You shoot an arrow. The arrow hits the endoplasm.
The endoplasm freezes you.
You are frozen.
* * * LOW HITPOINT WARNING * * *
Fire: a) +0 shortbow {bow}
Press: ? - help, Q - select action, (/) - cycle Shift-Dir - straight line, f/p - endoplasm
Aim: an endoplasm (severely wounded, 87% to hit)
You shoot an arrow. The arrow hits the endoplasm.
The endoplasm freezes you.
You are frozen.
You die...

Skill      XL: |  1  2 |
---------------+-------+-----
Fighting       | 2 |  2.5
Ranged Weapons | 4 |  4.2
Dodging        | |  1.7
Stealth        | |  0.8

Action                   || total
-------------------------++-------
 Fire: Shortbow          ||    83
  Use: Scroll            ||     1
Armor: Leather armour    ||     8
Dodge: Dodged            ||    16

Levels and vault maps discovered:
D:1:      minmay_arrival_pointy, layout_basic, solitary_fountain,
          kennysheep_another_room
D:2:      layout_loops_ring, shapermc_ecumenical_altar_totnotflames,
          grunt_decor_cap, uniq_robin

Notes
Turn   | Place    | Note
-------+----------+-------------------------------------------
     0 | D:1      | Sobieck the Demigod Hunter began the quest for the Orb.
     0 | D:1      | Reached XP level 1. HP: 17/17 MP: 3/3
   218 | D:1      | Reached skill level 2 in Fighting
   554 | D:1      | Reached XP level 2. HP: 24/24 MP: 4/4
  1000 | D:1      | Reached skill level 4 in Ranged Weapons
  1302 | D:2      | Noticed Robin
  1480 | D:2      | HP: 4/25 [frozen (5)]
  1482 | D:2      | Frozen to death by an endoplasm

Vanquished Creatures
  3 orcs (D:2)
  3 ball pythons (D:1)
  3 giant cockroaches (D:1)
  5 goblins
  4 hobgoblins
  2 kobolds
  A quokka (D:1)
  A bat (D:2)
  A frilled lizard (D:1)
  A rat (D:1)
24 creatures vanquished.

Table legend:
 A = Non-vault XP
 B = Vault XP
 C = Vault XP percentage of total XP
 D = Non-vault monster count
 E = Vault monster count
 F = Vault count percentage of total count
                 A         B        C        D         E       F
            +---------+---------+-------+---------+---------+-------
      Total |      39 |       7 |  15.2 |      20 |       4 |  16.7
            +---------+---------+-------+---------+---------+-------
        D:1 |      26 |       0 |   0.0 |      14 |       0 |   0.0
        D:2 |      13 |       7 |  35.0 |       6 |       4 |  40.0
            +---------+---------+-------+---------+---------+-------

Illustrated notes

Table legend:
 A = Kills in this place as a percentage of kills in entire the game.
 B = Kills by you in this place as a percentage of kills by you in the entire game.
 C = Kills by friends in this place as a percentage of kills by friends in the entire game.
 D = Other kills in this place as a percentage of other kills in the entire game.
 E = Experience gained in this place as a percentage of experience gained in the entire game.
 F = Experience gained in this place divided by the number of levels of this place that you have seen.
                   A       B       C       D       E      F
               +-------+-------+-------+-------+-------+----------------------
         Total | 100.0 | 100.0 |   N/A |   N/A | 100.0 |  23.0
       Dungeon | 100.0 | 100.0 |   N/A |   N/A | 100.0 |  23.0
               +-------+-------+-------+-------+-------+----------------------

Table legend: (Time is in decaauts)
 A = Elapsed time spent in this place.
 B = Non-inter-level travel time spent in this place.
 C = Inter-level travel time spent in this place.
 D = Time resting spent in this place.
 E = Time spent auto-exploring this place.
 F = Levels seen in this place.
 G = Mean time per level.
                   A        B        C        D        E       F      G
               +--------+--------+--------+--------+--------+-----+--------+
         Total |   1512 |   1471 |     41 |     21 |   1254 |   2 |  756.0 |
       Dungeon |   1512 |   1471 |     41 |     21 |   1254 |   2 |  756.0 |
               +--------+--------+--------+--------+--------+-----+--------+

Top non-repeatable levels by time:
     D:1: 1263 daAuts
     D:2: 249 daAuts
